AoeStats
← Huevo Rondina ++

Arabia

504686617Analyzed
2v2 RM · 25d ago on Sep 6, 2026· 38m 2s· 4 players
Game mode
Random Map
Map size
Medium (4 player)
Population
200
Speed
Normal
Resources
Standard
Victory
Conquest
Starting age
Dark Age
Ending age
Imperial Age
RankedLock teamsTeams togetherTeam positionsShared explorationLock speedFull tech treeHidden civsTurbo modeCheats
Victory
Defeat
🇫🇷 Franks · France
1094
+13
🇫🇷 Shu · France
1068
+14
🇦🇷 Franks · Argentina
1089
-15
🇦🇷 Britons · Argentina
982
-19
bouib81
6:35 Loom
9:55 Feudal Age
10:30 Double-Bit Axe
13:52 Fletching
23:56 Castle Age
23:11 Gold Mining
23:04 Horse Collar
24:58 Heavy Plow
27:47 Bow Saw
27:16 Crossbowman
28:39 Bodkin Arrow
29:41 Thumb Ring
30:47 Padded Archer Armor
35:07 Wheelbarrow
38:49 Imperial Age
38:32 Ballistics
Val
6:17 Loom
9:36 Feudal Age
10:09 Double-Bit Axe
19:48 Castle Age
18:17 Forging
20:43 Husbandry
21:56 Bow Saw
22:19 Gold Mining
26:28 Iron Casting
26:02 Scale Barding Armor
26:40 Town Watch
30:52 Gold Shaft Mining
30:09 Stone Mining
30:42 Ballistics
35:48 Imperial Age
33:22 Town Patrol
33:57 Wheelbarrow
38:19 Blast Furnace
37:41 Chain Barding Armor
36:54 Cavalier
Huevo Rondina ++
0:37 Loom
10:01 Feudal Age
12:27 Double-Bit Axe
23:47 Horse Collar
28:50 Wheelbarrow
28:25 Gold Mining
28:33 Stone Mining
36:47 Castle Age
36:59 Pikeman
[DM]gallo+4teRETUVE
0:37 Loom
10:36 Feudal Age
15:38 Scale Barding Armor
18:27 Forging
27:19 Castle Age
26:48 Gold Mining
26:46 Double-Bit Axe
28:45 Chain Barding Armor
29:00 Husbandry
34:23 Fletching
Connection lost

Rejoining the realm…

Still unreachable

The connection could not be restored.

Session expired

The server has moved on; the page needs a fresh start.